 Dungeon Crawl Stone Soup version 0.29-a0-676-ga64570c9d2 (webtiles) character file.

Game seed: 10152039865867678125

328 frimble the Shooter (level 6, 0/48 (53) HPs)
             Began as a Minotaur Hunter on June 24, 2022.
             Slain by a gnoll shaman
             ... wielding a +2 whip of draining
              (3 damage)
             ... on level 4 of the Dungeon.
             The game lasted 00:02:53 (1907 turns).

frimble the Shooter (Minotaur Hunter)               Turns: 1907, Time: 00:02:54

HP:   0/48 (53)     AC:  5    Str: 21    XL:     6   Next: 25%
MP:   5/5           EV: 12    Int:  8    God:
Gold: 156           SH:  0    Dex: 14    Spells: 5/5 levels left

rFire   . . .      SeeInvis .   a - +1 shortbow
rCold   . . .      Faith    .   (shield currently unavailable)
rNeg    . . .      Spirit   .   e - +0 ring mail
rPois   .          Reflect  .   (helmet restricted)
rElec   .          Harm     .   (no cloak)
rCorr   .          Rampage  .   (no gloves)
Will    .....                   (no boots)
Stlth   +.........              (no amulet)
HPRegen 0.16/turn               n - +6 ring of strength
MPRegen 0.09/turn               (no ring)

@: lit by a corona, glowing, drained
A: horns 2, retaliatory headbutt
a: no special abilities


You were on level 4 of the Dungeon.
You visited 1 branch of the dungeon, and saw 6 of its levels.

You collected 156 gold pieces.

Inventory:

Hand Weapons
 a - a +1 shortbow (weapon)
Missiles
 l - 5 javelins
Armour
 e - a +0 ring mail (worn)
Jewellery
 n - a +6 ring of strength (left hand)
Wands
 i - a wand of quicksilver (9)
Scrolls
 c - a scroll of immolation
 f - 2 scrolls of teleportation
 m - a scroll of amnesia
Potions
 b - a potion of flight {unknown}
 d - 2 potions of degeneration
 g - a potion of lignification {unknown}
 h - a potion of invisibility {unknown}
 j - a potion of heal wounds {unknown}
 k - a potion of mutation {unknown}


   Skills:
 + Level 4.4 Fighting
 + Level 5.6 Bows
 + Level 3.2 Armour
 + Level 4.0 Dodging
 - Level 1.1 Stealth


You had 5 spell levels left.
You didn't know any spells.
Your spell library contained the following spells:

 Spells                   Type           Power      Damage    Failure   Level
 Dazzling Flash           Conj/Hex       0%         N/A       91%         3
 Iskenderun's Mystic Bla  Conj/Tloc      0%         2d3       100%        4
 Starburst                Conj/Fire      0%         6d3       100%        6


Dungeon Overview and Level Annotations

Branches:
Dungeon (6/15)
 Temple: D:4-7

Altars:

Shops:
D:2 =


Innate Abilities, Weirdness & Mutations

You have a pair of horns on your head.
You reflexively headbutt those who attack you in melee.


Message History

You shoot an arrow. The arrow hits the gnoll!
You kill the gnoll!
You shoot an arrow. The gnoll shouts!
The arrow hits the gnoll shaman.
The gnoll shaman is moderately wounded.
You shoot an arrow. The arrow hits the gnoll shaman.
The gnoll shaman is moderately wounded.
You shoot an arrow. The arrow hits the gnoll shaman!
The gnoll shaman is almost dead.
The gnoll shaman invokes the aid of its god against you.
You are outlined in light.
You shoot an arrow. The arrow hits the gnoll!
The gnoll is severely wounded.
The gnoll hits you from afar with a +0 spear!
You shoot an arrow.
The arrow barely misses the gnoll shaman.
The gnoll hits you from afar with a +0 spear.
You shoot an arrow.
The arrow barely misses the gnoll shaman.
The gnoll hits you from afar with a +0 spear!
The gnoll shaman hits you with a +2 whip of draining!
You feel drained.
You are too injured to fight recklessly!
You are too injured to fight recklessly!
Shoot: a) +1 shortbow
Press: ? - help, Q - select action, (/) - cycle Shift-Dir - straight line, f/p - gnoll shaman
Aim: a gnoll shaman, wielding a +2 whip of draining, wearing a +0 robe and wearing an amulet of guardian spirit (almost dead, 68% to hit)
You shoot an arrow.
The arrow barely misses the gnoll shaman.
The gnoll hits you but does no damage.
The gnoll shaman hits you with a +2 whip of draining!
* * * LOW HITPOINT WARNING * * *
You feel drained.
* * * LOW HITPOINT WARNING * * *
The gnoll closely misses you.
The gnoll shaman hits you with a +2 whip of draining.
* * * LOW HITPOINT WARNING * * *
You feel drained.
You die...

.........## ##.#..#..#
#..... #.##....#
#...... ###..###
....... #.....# ..<....
#..##.#### .)..... #..
#....# .g..... ....
####.###....... .....
#....@g......
...............##......
.......>....†.## .....
.......######## .... .
... .. .


You could see a gnoll shaman and a gnoll.

Vanquished Creatures
  An ogre (D:4)
  A phantom (D:4)
  An iguana (D:4)
  4 gnolls (D:4)
  4 adders
  A white imp (D:4)
  A worm (D:2)
  3 dart slugs (D:2)
  3 ball pythons
  6 endoplasms
  4 giant cockroaches
  4 goblins
  7 hobgoblins
  3 jackals (D:1)
  A quokka (D:1)
  5 bats
  4 kobolds
  3 rats
56 creatures vanquished.

Notes
Turn   | Place    | Note
-------+----------+-------------------------------------------
     0 | D:1      | frimble the Minotaur Hunter began the quest for the Orb.
     0 | D:1      | Reached XP level 1. HP: 18/18 MP: 0/0
    70 | D:1      | Reached skill level 1 in Stealth
   155 | D:1      | Reached XP level 2. HP: 24/25 MP: 1/1
   272 | D:1      | Found a faded altar of an unknown god.
   657 | D:2      | Reached skill level 1 in Armour
   657 | D:2      | Reached XP level 3. HP: 31/31 MP: 2/2
   687 | D:2      | Found Efoshral's Jewellery Shoppe.
  1129 | D:3      | Reached XP level 4. HP: 38/38 MP: 3/3
  1194 | D:3      | Reached skill level 5 in Bows
  1247 | D:3      | You fall into a shaft and drop 3 floors!
  1262 | D:5      | Entered Level 5 of the Dungeon
  1283 | D:4      | Noticed a phantom
  1289 | D:4      | Killed a phantom
  1290 | D:4      | Reached XP level 5. HP: 37/46 MP: 4/4
  1374 | D:4      | Noticed an ogre
  1383 | D:4      | Killed an ogre
  1567 | D:4      | Reached XP level 6. HP: 52/52 MP: 5/5
  1907 | D:4      | Slain by a gnoll shaman

Illustrated notes

Levels and vault maps discovered:
D:1:      ncdulo_smallfort, layout_basic, shapermc_ecumenical_altar_venn
D:2:      minmay_door_path, layout_basic, serial_shops, shop
D:3:      layout_basic, uniq_natasha
D:4:      layout_rooms, nemelex_dance_club_becter
D:5:      layout_loops_ring, nicolae_gozag_seed_capital, gammafunk_ghost_split,
          hangedman_glass_teeth
D:6:      layout_loops_ring, elyvilon_altar_5,
          minmay_temple_entry_gardened_gates

Skill      XL: |  1  2  3  4  5  6 |
---------------+-------------------+-----
Stealth        | 1 |  1.1
Fighting       | 3 4 |  4.4
Armour         | 1 2 3 |  3.2
Dodging        | 3 4 |  4.0
Bows           | 5 |  5.6

Action                   |  1- 3 |  4- 6 || total
-------------------------+-------+-------++-------
 Fire: Shortbow          |    93 |    66 ||   159
  Use: Scroll            |     5 |     1 ||     6
Armor: Leather armour    |     4 |       ||     4
       Ring mail         |     9 |     2 ||    11
Dodge: Dodged            |    28 |    18 ||    46

Table legend: (Time is in decaauts)
 A = Elapsed time spent in this place.
 B = Non-inter-level travel time spent in this place.
 C = Inter-level travel time spent in this place.
 D = Time resting spent in this place.
 E = Time spent auto-exploring this place.
 F = Levels seen in this place.
 G = Mean time per level.
                   A        B        C        D        E       F      G
               +--------+--------+--------+--------+--------+-----+--------+
         Total |   1958 |   1925 |     33 |    253 |   1323 |   6 |  326.3 |
       Dungeon |   1958 |   1925 |     33 |    253 |   1323 |   6 |  326.3 |
               +--------+--------+--------+--------+--------+-----+--------+

Top non-repeatable levels by time:
     D:2: 677 daAuts
     D:4: 640 daAuts
     D:1: 474 daAuts
     D:3: 130 daAuts
     D:5: 20 daAuts
     D:6: 14 daAuts
